 Dungeon Crawl Stone Soup version 0.29.1-2-gbd0b4ee654 (webtiles) character file.

Game seed: 11277273803413286342

449 croobank the Shield-Bearer (level 6, -3/56 HPs)
             Began as a Minotaur Fighter on Oct 26, 2022.
             Slain by an ogre
             ... wielding a +0 giant club
              (13 damage)
             ... on level 4 of the Dungeon.
             The game lasted 00:08:38 (3496 turns).

croobank the Shield-Bearer (Minotaur Fighter)       Turns: 3496, Time: 00:08:38

Health: -3/56      AC: 11    Str: 27    XL:     6   Next: 74%
Magic:  5/5        EV:  9    Int:  5    God:
Gold:   160        SH:  6    Dex: 11    Spells: 5/5 levels left

rFire   . . .      SeeInvis .   a - +0 war axe
rCold   . . .      Faith    .   c - +1 buckler
rNeg    . . .      Spirit   .   u - +0 scale mail
rPois   .          Reflect  .   (helmet restricted)
rElec   .          Harm     .   (no cloak)
rCorr   .          Rampage  .   s - +0 pair of gloves
Will    .....                   d - +1 pair of boots
Stlth   ..........              (no amulet)
HPRegen 0.18/turn               h - +6 ring of strength
MPRegen 0.09/turn               (no ring)

@: no status effects
A: horns 2, retaliatory headbutt
a: no special abilities


You were on level 4 of the Dungeon.
You visited 1 branch of the dungeon, and saw 4 of its levels.

You collected 293 gold pieces.
You spent 133 gold pieces at shops.

Inventory:

Hand Weapons
 a - a +0 war axe (weapon)
 b - a +0 sling
 g - a +1 dagger of distortion
Armour
 c - a +1 buckler (worn)
 d - a +1 pair of boots (worn)
 s - a +0 pair of gloves (worn)
 u - a +0 scale mail (worn)
Jewellery
 h - a +6 ring of strength (left hand)
Wands
 v - a wand of digging (5)
Scrolls
 f - a scroll of amnesia
 i - a scroll of blinking
 p - 2 scrolls of poison
 r - a scroll of teleportation
Potions
 k - 3 potions of curing
 l - a potion of magic
 o - a potion of mutation
 w - a potion of haste
 x - a potion of heal wounds {unknown}


   Skills:
 + Level 5.5 Fighting
 + Level 4.8 Axes
 + Level 5.5 Armour
 + Level 5.6 Shields


You had 5 spell levels left.
You didn't know any spells.
Your spell library contained the following spells:

 Spells                   Type           Power      Damage    Failure   Level
 Necrotise                Necr           0%         1d4       82%         1
 Sandblast                Erth           0%         2d4       82%         1
 Passwall                 Tmut/Erth      0%         N/A       91%         2
 Sublimation of Blood     Necr           0%         N/A       91%         2
 Wereblood                Tmut           0%         N/A       91%         2
 Stone Arrow              Conj/Erth      0%         3d7       99%         3
 Animate Dead             Necr           0%         N/A       100%        4
 Malign Gateway           Summ/Tloc      0%         N/A       100%        7
 Summon Hydra             Summ           0%         N/A       100%        7
 Borgnjor's Revivificati  Necr           0%         N/A       100%        8


Dungeon Overview and Level Annotations

Branches:
Dungeon (4/15)
 Temple: D:4-7

Altars:
Ru

Shops:
D:4 ?


Innate Abilities, Weirdness & Mutations

You have a pair of horns on your head.
You reflexively headbutt those who attack you in melee.


Message History

The ogre is almost dead.
The ogre hits you with a +0 giant club!!
Ouch! That really hurt!
* * * LOW HITPOINT WARNING * * *
You are too injured to fight recklessly!
You are too injured to fight recklessly!
Okay, then.
Blink to where?
Press: ? - help, Dir - move target
As you read the scroll of blinking, it crumbles to dust.
Aiming: Dig
Press: ? - help, Shift-Dir - straight line, f - you Please select a direction to dig.
Okay, then.
Okay, then.
b - a +0 sling (weapon)
There is a stone staircase leading down here.
Fire: b) +0 sling
Press: ? - help, Q - select action Shift-Dir - straight line, f - ogre
Aim: an ogre, wielding a +0 giant club (almost dead, 71% to hit)
You shoot a sling bullet.
The sling bullet barely misses the ogre.
Fire: b) +0 sling
Press: ? - help, Q - select action Shift-Dir - straight line, f/p - ogre
Aim: an ogre, wielding a +0 giant club (almost dead, 71% to hit)
You shoot a sling bullet.
The sling bullet barely misses the ogre.
Fire: b) +0 sling
Press: ? - help, Q - select action Shift-Dir - straight line, f/p - ogre
Aim: an ogre, wielding a +0 giant club (almost dead, 71% to hit)
You shoot a sling bullet. The sling bullet hits the ogre.
The ogre is almost dead.
Fire: b) +0 sling
Press: ? - help, Q - select action Shift-Dir - straight line, f/p - ogre
Aim: an ogre, wielding a +0 giant club (almost dead, 71% to hit)
You shoot a sling bullet.
The sling bullet completely misses the ogre.
a - a +0 war axe (weapon)
The ogre hits you with a +0 giant club!
You die...

#.....#)##.##....#...###
.####......##.#####..).##
...........>..# ##.#..#####
..##........### #........#
.......##.#....########...#.....
####.#....[#......# ###.#####.
#.####.........#### #....# #.#
..##.........#######.# #.#
###...>@.##.....###.## #.#
#####O.######...#..##
##..#######.....#
##....########## ####.....#
#####O####### ##.......?
##......... #####.......O..


You could see an ogre.

Vanquished Creatures
  An ogre (D:4)
  A phantom (D:4)
  Blork the orc (D:4)
  A hound (D:4)
  An iguana (D:4)
  3 gnolls (D:2)
  3 adders
  A worm (D:3)
  2 dart slugs (D:1)
  6 orcs (D:3)
  8 bats
  8 endoplasms
  7 giant cockroaches
  10 goblins
  7 hobgoblins
  8 jackals (D:1)
  3 kobolds
  4 quokkas
  6 ball pythons
  4 frilled lizards
  5 rats
90 creatures vanquished.

Notes
Turn   | Place    | Note
-------+----------+-------------------------------------------
     0 | D:1      | croobank the Minotaur Fighter began the quest for the Orb.
     0 | D:1      | Reached XP level 1. HP: 19/19 MP: 0/0
   403 | D:1      | Reached XP level 2. HP: 18/27 MP: 1/1
   707 | D:1      | Reached XP level 3. HP: 33/33 MP: 2/2
  1204 | D:2      | Reached XP level 4. HP: 25/40 MP: 3/3
  1508 | D:2      | Found a faded altar of an unknown god.
  2181 | D:3      | Reached XP level 5. HP: 28/47 MP: 4/4
  2662 | D:3      | Found a sacrificial altar of Ru.
  2725 | D:4      | Noticed Blork the orc
  2727 | D:4      | Killed Blork the orc
  2728 | D:4      | Reached skill level 5 in Fighting
  2728 | D:4      | Reached skill level 5 in Armour
  2728 | D:4      | Reached skill level 5 in Shields
  2738 | D:4      | Got the Volume of Congregated Wicked Secrets
  2869 | D:4      | Found Sarph's Magic Scroll Shoppe.
  2901 | D:4      | Noticed an ogre
  2906 | D:4      | Killed an ogre
  2907 | D:4      | Reached XP level 6. HP: 50/56 MP: 5/5
  2946 | D:4      | Bought a scroll of identify for 28 gold pieces
  2946 | D:4      | Bought a scroll of blinking for 105 gold pieces
  3496 | D:4      | Slain by an ogre

Illustrated notes

Levels and vault maps discovered:
D:1:      shiori_arrival_maze, layout_basic
D:2:      layout_basic, hellmonk_ecumenical_altar_heavens_door
D:3:      layout_loops_ring, nicolae_ru_path_of_blood, st_stairs_2,
          minmay_fractal_squares_gapless_5
D:4:      layout_rooms, mainiacjoe_overflow_small_starburst,
          minmay_temple_entry_large_hall, serial_shops,
          nicolae_shop_window_shopping, uniq_blork_the_orc

Skill      XL: |  1  2  3  4  5 |
---------------+----------------+-----
Fighting       | 4 5 |  5.5
Armour         | 4 5 |  5.5
Shields        | 4 5 |  5.6
Axes           | 3 4 |  4.8

Action                   |  1- 3 |  4- 6 || total
-------------------------+-------+-------++-------
Melee: War axe           |    83 |   103 ||   186
       Headbutt          |     9 |    10 ||    19
 Fire: Sling             |       |     4 ||     4
  Use: Potion            |       |     1 ||     1
       Scroll            |       |    15 ||    15
Armor: Scale mail        |    42 |    53 ||    95
Dodge: Dodged            |    47 |    46 ||    93
Block: Buckler           |    15 |    25 ||    40
